 Dungeon Crawl Stone Soup version 0.30-a0-219-gf2db51d15e (webtiles) character file.

Game seed: 1832544499572915343

311 KennySheep the Shooter (level 6, 0/36 HPs)
             Began as a Deep Elf Hunter on Oct 6, 2022.
             Was an Initiate of the Shining One.
             Slain by an ogre
             ... wielding a +0 giant spiked club
              (24 damage)
             ... on level 5 of the Dungeon.
             The game lasted 00:04:51 (2969 turns).

KennySheep the Shooter (Deep Elf Hunter)            Turns: 2969, Time: 00:04:51

Health: 0/36       AC:  6    Str:  8    XL:     6   Next: 18%
Magic:  8/8        EV: 11    Int: 14    God:    the Shining One [......]
Gold:   166        SH:  0    Dex: 20    Spells: 5/5 levels left

rFire   . . .      SeeInvis .    a - +0 shortbow
rCold   . . .      Faith    .    (shield currently unavailable)
rNeg    . . .      Spirit   .    n - +0 ring mail
rPois   .          Reflect  .    g - +0 helmet
rElec   .          Harm     .    (no cloak)
rCorr   .          Rampage  .    (no gloves)
Will    .....                    (no boots)
Stlth   +.........               o - amulet of regeneration
HPRegen 1.06/turn                (no ring)
MPRegen 0.11/turn                (no ring)

@: glowing
A: no striking features
a: Renounce Religion


You were on level 5 of the Dungeon.
You worshipped the Shining One.
The Shining One was noncommittal.
You visited 1 branch of the dungeon, and saw 5 of its levels.

You collected 166 gold pieces.

Inventory:

Hand Weapons
 a - a +0 shortbow (weapon)
 b - a +1 dagger of venom
Missiles
 d - a throwing net
Armour
 c - a +0 leather armour
 g - a +0 helmet (worn)
 n - a +0 ring mail (worn)
Jewellery
 o - an amulet of regeneration (around neck)
 u - a ring of magical power
Scrolls
 e - a scroll of teleportation
 f - a scroll of amnesia
 j - 3 scrolls of identify
 k - 2 scrolls of vulnerability
 s - 2 scrolls of immolation
 t - a scroll of magic mapping {unknown}
 v - a scroll of summoning {unknown}
Potions
 h - a potion of brilliance {unknown}
 i - 2 potions of attraction {unknown}
 l - 3 potions of curing {unknown}
 m - a potion of haste {unknown}
 p - 2 potions of mutation {unknown}
 q - a potion of flight {unknown}
 r - a potion of degeneration {unknown}
 w - a potion of heal wounds {unknown}


   Skills:
 + Level 2.7 Fighting
 * Level 7.5 Ranged Weapons
 + Level 4.1 Dodging
 + Level 3.7 Stealth


You had 5 spell levels left.
You didn't know any spells.
Your spell library contained the following spells:

 Spells                   Type           Power      Damage    Failure   Level
 Ensorcelled Hibernation  Hex/Ice        0%         N/A       80%         2
 Spider Form              Tmut/Pois      0%         N/A       95%         3
 Anguish                  Hex/Necr       0%         N/A       100%        4


Dungeon Overview and Level Annotations

Branches:
Dungeon (5/15)
 Temple: D:4-7

Altars:
The Shining One


Message History

You shoot an arrow. The arrow misses the adder.
The adder bites you but does no damage.
You shoot an arrow. The arrow barely misses the adder.
The adder bites you but does no damage. The adder bites you.
You are poisoned.
The adder poisons you!
You shoot an arrow. The arrow hits the adder.
You kill the adder!
You feel sick.
You start resting.
You feel sick. x5
You are no longer poisoned.
You start resting.
HP restored.
You see here a scorpion corpse.
Found a stone staircase leading down.
Found a whip.
You see here a +0 whip.
Found a scale mail.
i - 2 coppery potions (gained 1)
An ogre comes into view. It is wielding a +0 giant spiked club.
The ogre shouts!
An ogre is nearby!
You shoot an arrow. The arrow hits the ogre.
The ogre is lightly wounded.
A scorpion comes into view.
You shoot an arrow. The arrow hits the ogre.
The ogre is lightly wounded.
You shoot an arrow. The arrow hits the ogre.
The ogre is moderately wounded.
The ogre closely misses you.
You shoot an arrow. The arrow hits the ogre!
The ogre is severely wounded.
The ogre hits you with a +0 giant spiked club!
You shoot an arrow. The arrow hits the ogre.
The ogre is severely wounded.
You shoot an arrow. The arrow hits the ogre.
The ogre is severely wounded.
The ogre hits you with a +0 giant spiked club!!
Ouch! That really hurt!
You die...

## .. .# s# ########## .#
########[.......######.###.##
................@Os..........
########........######.###.#.
#........# .# #........# .#
#........# .# ########## .#
.# .#


You could see an ogre and a scorpion.

Vanquished Creatures
  A necrophage (D:4)
  A scorpion (D:5)
  A jelly (D:4)
  Jessica (D:2)
  An orc wizard (D:4)
  3 adders
  2 worms (D:3)
  6 orcs
  4 ball pythons
  3 bats
  11 endoplasms
  4 giant cockroaches
  10 goblins
  8 hobgoblins
  2 quokkas
  5 frilled lizards
  5 kobolds
  7 rats
75 creatures vanquished.

Notes
Turn   | Place    | Note
-------+----------+-------------------------------------------
     0 | D:1      | KennySheep the Deep Elf Hunter began the quest for the Orb.
     0 | D:1      | Reached XP level 1. HP: 12/12 MP: 3/3
   179 | D:1      | Reached XP level 2. HP: 17/17 MP: 4/4
   997 | D:2      | Noticed Jessica
   999 | D:2      | Killed Jessica
  1000 | D:2      | Reached skill level 6 in Ranged Weapons
  1000 | D:2      | Reached XP level 3. HP: 21/21 MP: 5/5
  1104 | D:2      | Reached XP level 4. HP: 18/26 MP: 6/6
  1985 | D:4      | Reached XP level 5. HP: 27/31 MP: 7/7
  2342 | D:4      | Found a glowing golden altar of the Shining One.
  2467 | D:4      | Became a worshipper of the Shining One
  2758 | D:4      | Reached skill level 7 in Ranged Weapons
  2886 | D:5      | Entered Level 5 of the Dungeon
  2894 | D:5      | Reached XP level 6. HP: 25/36 MP: 8/8
  2969 | D:5      | Slain by an ogre

Illustrated notes

Levels and vault maps discovered:
D:1:      dpeg_arrival_prison, layout_basic, dk_noncrumbling_4
D:2:      layout_rooms, chequers_arboretum, minmay_misc_feat_room,
          moated_statue, minmay_misc_feat_doors, uniq_jessica
D:3:      layout_rooms, chequers_garden, roderic_st_hans_cross
D:4:      layout_basic, tso_altar
D:5:      layout_basic, xom_teletrap_fun, uniq_grinder

Skill      XL: |  1  2  3  4  5 |
---------------+----------------+-----
Stealth        | 2 3 |  3.7
Fighting       | 2 |  2.7
Ranged Weapons | 6 7 |  7.5
Dodging        | 3 4 |  4.1

Action                   |  1- 3 |  4- 6 || total
-------------------------+-------+-------++-------
 Fire: Shortbow          |    71 |   122 ||   193
  Use: Scroll            |       |     3 ||     3
Armor: Leather armour    |     6 |       ||     6
       Ring mail         |       |    16 ||    16
Dodge: Dodged            |     9 |    31 ||    40

Table legend: (Time is in decaauts)
 A = Elapsed time spent in this place.
 B = Non-inter-level travel time spent in this place.
 C = Inter-level travel time spent in this place.
 D = Time resting spent in this place.
 E = Time spent auto-exploring this place.
 F = Levels seen in this place.
 G = Mean time per level.
                   A        B        C        D        E       F      G
               +--------+--------+--------+--------+--------+-----+--------+
         Total |   3025 |   2785 |    240 |     22 |   2319 |   5 |  605.0 |
       Dungeon |   3025 |   2785 |    240 |     22 |   2319 |   5 |  605.0 |
               +--------+--------+--------+--------+--------+-----+--------+

Top non-repeatable levels by time:
     D:1: 985 daAuts
     D:4: 919 daAuts
     D:2: 565 daAuts
     D:3: 467 daAuts
     D:5: 88 daAuts
